 Dungeon Crawl Stone Soup version 0.24-a0-251-g44e327ef01 (webtiles) character file.

Game seed: 13393443301311432834

88 Redear the Skirmisher (level 4, 0/32 HPs)
             Began as an Octopode Fighter on Apr 16, 2019.
             Slain by Sigmund
             ... wielding a +0 scythe
              (9 damage)
             ... on level 3 of the Dungeon.
             The game lasted 00:03:08 (1932 turns).

Redear the Skirmisher (Octopode Fighter)            Turns: 1932, Time: 00:03:09

Health: 0/32       AC:  1    Str: 15    XL:     4   Next: 53%
Magic:  4/4        EV: 18    Int: 10    God:
Gold:   144        SH:  9    Dex: 17    Spells: 3/3 levels left

rFire    . . .     SeeInvis .   a - +0 long sword
rCold    . . .     Gourm    .   b - +0 shield
rNeg     . . .     Faith    .   (helmet restricted)
rPois    .         Spirit   .   (no amulet)
rElec    .         Reflect  .   (no ring)
rCorr    .         Harm     .   (no ring)
MR       .....                  (no ring)
Stlth    ++++......             (no ring)
HPRegen  0.10/turn              (no ring)
MPRegen  0.09/turn              (no ring)
                                (no ring)
                                (no ring)

@: agile
A: almost no armour, stealthy swim, amphibious, 8 rings, constrict 8, camouflage
1, gelatinous body 1
a: no special abilities


You were on level 3 of the Dungeon.
You were not hungry.

You visited 1 branch of the dungeon, and saw 3 of its levels.

You collected 144 gold pieces.

Inventory:

Hand Weapons
 a - a +0 long sword (weapon)
Armour
 b - a +0 shield (worn)
Wands
 A - a wand of acid (5)
Scrolls
 e - 3 scrolls of magic mapping {unknown}
 f - 2 scrolls of remove curse {unknown}
 g - 3 scrolls of identify {unknown}
 h - a scroll of enchant armour {unknown}
 i - a scroll of amnesia {unknown}
Potions
 c - a potion of might {Str+5 DMG+1d10 | @q3}
Comestibles
 z - 4 rations


   Skills:
 + Level 3.6 Fighting
 + Level 2.8 Long Blades
 + Level 3.6 Dodging
 + Level 3.6 Shields


You had 3 spell levels left.
You didn't know any spells.
Your spell library was empty.

Dungeon Overview and Level Annotations

Branches:
Dungeon (3/15)

Altars:

Annotations:
D:3 Sigmund


Innate Abilities, Weirdness & Mutations

You cannot wear most types of armour.
You are very stealthy in the water. (Stealth+)
You are amphibious.
You can wear up to eight rings at the same time.
You can use your tentacles to constrict eight enemies at once.
Your skin changes colour to match your surroundings (Stealth+).
Your rubbery body absorbs attacks. (AC +1, EV +1)


Message History

You hear some strange, mumbled words.
Something tries to affect you, but you resist.
You block something's attack.
You miss something. Your squeeze misses something.
An orc comes into view. It is wielding a +0 trident.
You miss something. You squeeze something. Something hits you!
* * * LOW HITPOINT WARNING * * *
The orc barely misses you.
You take 9 damage, and have 3/32 hp.
MASSIVE DAMAGE!!
It was a potion of agility.
You feel agile all of a sudden.
The orc wizard shouts!
The orc closely misses you. Something barely misses you.
You miss something. You squeeze something. The orc completely misses you.
You hear some strange, mumbled words.
You are confused.
It was a potion of curing.
You feel better. You block the orc's attack.
A kobold comes into view. It is wielding a +0 dagger.
Something hits you!
You die...

##.####.# ###.........
#......K## ..##.<.g.....##
#.......(##........g.......
#.<.....o..........g.......
#........##...##.........##
##...###.###..%#.........
#..## #oo## #...........
###..#####.{# ..........
#......# ##@# ##.........
#......####.##### . .
#...............### ##
#.................(
#...............###
#...............#
#######.........#
#<........# #.........#


You could see an orc wizard, 2 orcs and a kobold.

Vanquished Creatures
  3 adders (D:2)
  An ooze (D:2)
  3 dart slugs (D:1)
  A leopard gecko (D:3)
  7 bats
  3 giant cockroaches
  7 goblins
  3 hobgoblins
  A quokka (D:2)
  6 frilled lizards
  5 kobolds
  11 rats
51 creatures vanquished.

Notes
Turn   | Place    | Note
-------+----------+-------------------------------------------
     0 | D:1      | Redear the Octopode Fighter began the quest for the Orb.
     0 | D:1      | Reached XP level 1. HP: 16/16 MP: 1/1
    94 | D:1      | Reached XP level 2. HP: 21/21 MP: 2/2
   389 | D:1      | Reached XP level 3. HP: 25/26 MP: 3/3
   830 | D:2      | Reached XP level 4. HP: 25/31 MP: 4/4
  1207 | D:3      | HP: 2/32 [gnoll/+0 spear (3)]
  1536 | D:3      | Noticed Sigmund
  1546 | D:3      | HP: 3/32 [something/magic dart (5)]
  1929 | D:3      | HP: 3/32 [something (9)]
  1932 | D:3      | Slain by Sigmund

Levels and vault maps discovered:
D:1:      dpeg_arrival_subterranean_lakeside_camping, layout_basic,
          minmay_misc_feat_alley
D:2:      layout_rooms, serial_rivers, chequers_serial_rivers_micro_e,
          chequers_serial_rivers_room_a, chequers_serial_rivers_micro_a,
          chequers_serial_rivers_marsh, first_ration
D:3:      layout_rooms, ebering_ghost_rock_garden,
          chequers_ecumenical_altar_simple, uniq_sigmund

Action                   |  1- 3 |  4- 6 || total
-------------------------+-------+-------++-------
Melee: Long sword        |    65 |    25 ||    90
       Constrict         |    21 |     9 ||    30
       Tentacles         |     9 |     6 ||    15
  Use: Potion            |       |     3 ||     3
 Stab: Sleeping          |     8 |     3 ||    11
       Distracted        |       |     1 ||     1
  Eat: Ration            |       |     1 ||     1
       Chunk             |       |     1 ||     1
Armor: Skin              |     6 |       ||     6
Dodge: Dodged            |    33 |    13 ||    46
Block: Shield            |    30 |     9 ||    39
       Rpst.: Long sword |    12 |     2 ||    14

Table legend:
 A = Non-vault XP
 B = Vault XP
 C = Vault XP percentage of total XP
 D = Non-vault monster count
 E = Vault monster count
 F = Vault count percentage of total count
                 A         B        C        D         E       F
            +---------+---------+-------+---------+---------+-------
      Total |     116 |      10 |   7.9 |      45 |       6 |  11.8
            +---------+---------+-------+---------+---------+-------
        D:1 |      42 |      10 |  19.2 |      24 |       6 |  20.0
        D:2 |      64 |       0 |   0.0 |      14 |       0 |   0.0
        D:3 |      10 |       0 |   0.0 |       7 |       0 |   0.0
            +---------+---------+-------+---------+---------+-------
